 Dungeon Crawl Stone Soup version 0.30-a0-739-gea05faddec (webtiles) character file.

Game seed: 8448548472309943771

126844 jasper the Devastator (level 16, -3/123 HPs)
             Began as a Demonspawn Cinder Acolyte on Feb 4, 2023.
             Was a High Priest of Vehumet.
             Engulfed by a cloud of poison gas (9 damage)
             ... on level 4 of the Swamp.
             The game lasted 01:27:31 (46205 turns).

jasper the Devastator (Demonspawn Cinder Acolyte)  Turns: 46205, Time: 01:27:32

Health: -3/123     AC: 21    Str: 19    XL:     16   Next: 44%
Magic:  8/32       EV: 10    Int: 32    God:    Vehumet [*****.]
Gold:   1264       SH: 11    Dex: 12    Spells: 15/39 levels left

rFire   . . .      SeeInvis +    Y - staff of conjuration
rCold   + + .      Faith    .    n - +1 buckler {AC+3}
rNeg    . . .      Spirit   .    O - +0 acid dragon scales
rPois   .          Reflect  +    (no helmet)
rElec   .          Harm     .    E - +0 cloak "Haenwon" {Contam rC+ Regen+ SInv}
rCorr   +          Rampage  .    q - +2 pair of gloves "Kaclunno" {rCorr Dex+3}
Will    +....                    W - +0 pair of boots
Stlth   +                        e - amulet "Rest" {Reflect +Blink Int+4 SH+5}
HPRegen 1.20/turn                k - ring "Jeshrujimp" {Wiz rC+ rCorr Str+3}
MPRegen 0.23/turn                F - +6 ring of intelligence

@: lethally poisoned (-3 -> -34)
A: hooves 2, icy blue scales 2, ignite blood 2, demonic magic 2, sense
surroundings 1
a: Renounce Religion, Evoke Blink


You were on level 4 of the Swamp.
You worshipped Vehumet.
Vehumet was extremely pleased with you.
You visited 5 branches of the dungeon, and saw 27 of its levels.

You collected 3057 gold pieces.
You spent 1793 gold pieces at shops.

Inventory:

Missiles
 d - 164 stones
 m - 63 poisoned darts
 v - 3 javelins
 R - 9 curare-tipped darts
Armour
 n - a +1 buckler of protection (worn)
 q - the +2 pair of gloves "Kaclunno" (worn) {rCorr Dex+3}
   (You found it on level 1 of the Lair of Beasts)

   Dex:       It affects your dexterity (+3).
   rCorr:     It protects you from acid and corrosion.
 E - the +0 cloak "Haenwon" (worn) {Contam rC+ Regen+ SInv}
   (You bought it in a shop on level 8 of the Dungeon)

   rC:        It protects you from cold.
   SInv:      It lets you see invisible.
   Contam:    It causes magical contamination when unequipped.
   Regen:     It increases your rate of health regeneration.
 O - +0 acid dragon scales (worn)
 W - a +0 pair of boots (worn)
Magical Staves
 Y - a staff of conjuration (weapon)
Jewellery
 e - the amulet "Rest" (around neck) {Reflect +Blink Int+4 SH+5}
   (You acquired it on level 2 of the Dungeon)

   [amulet of reflection]

   It reflects blocked missile attacks.
   Int:       It affects your intelligence (+4).
   +Blink:    It lets you blink.
   SH:        It affects your SH (+5).
 k - the ring "Jeshrujimp" (left hand) {Wiz rC+ rCorr Str+3}
   (You found it on level 3 of the Lair of Beasts)

   [ring of wizardry]

   It improves your spell success rate.
   Str:       It affects your strength (+3).
   rC:        It protects you from cold.
   rCorr:     It protects you from acid and corrosion.
 o - a ring of poison resistance
 y - a ring of flight
 F - a +6 ring of intelligence (right hand)
 H - a ring of protection from fire
 U - a +4 ring of protection
 Z - an amulet of magic regeneration
Wands
 a - a wand of quicksilver (5)
 p - a wand of charming (37)
 w - a wand of roots (29)
 B - a wand of polymorph (11)
 M - a wand of flame (23)
 N - a wand of mindburst (4)
Scrolls
 c - a scroll of vulnerability
 g - 7 scrolls of noise
 l - a scroll of summoning
 t - 4 scrolls of amnesia
 x - 7 scrolls of poison
 z - 6 scrolls of identify
 A - 2 scrolls of brand weapon
 G - 3 scrolls of enchant armour
 J - 7 scrolls of teleportation
 K - 5 scrolls of magic mapping
 Q - 2 scrolls of immolation
 T - 2 scrolls of fog
 V - 4 scrolls of fear
Potions
 b - 2 potions of heal wounds
 f - 3 potions of attraction
 h - 3 potions of brilliance
 i - 3 potions of degeneration
 j - 8 potions of flight
 r - 3 potions of haste
 s - 4 potions of ambrosia
 u - 4 potions of lignification
 C - 12 potions of curing
 D - 2 potions of mutation
 I - 2 potions of berserk rage
 L - 4 potions of magic
 P - 3 potions of might
 X - 2 potions of resistance
Miscellaneous
 S - a lightning rod (4/4)


   Skills:
 - Level 10.4 Fighting
 - Level 2.6(7.8) Polearms
 * Level 11.5(11.6) Staves
 - Level 10.0 Armour
 - Level 4.0 Shields
 - Level 12.3 Spellcasting
 - Level 15.0 Conjurations
 - Level 5.0 Necromancy
 - Level 10.6 Fire Magic


You had 15 spell levels left.
You knew the following spells:

 Your Spells              Type           Power      Damage    Failure   Level
a - Scorch                Fire           100%       2d10      1%          2
b - Fireball              Conj/Fire      50%        3d20      1%          5
c - Orb of Destruction    Conj           54%        9d14      1%          7
d - Mephitic Cloud        Conj/Pois/Air  67%        N/A       1%          3
e - Sublimation of Blood  Necr           51%        N/A       1%          2
f - Borgnjor's Vile Clut  Necr/Erth      17%        N/A       16%         5

Your spell library contained the following spells:

 Spells                   Type           Power      Damage    Failure   Level
 Sticky Flame             Conj/Fire      100%       2d11      1%          4
 Freeze                   Ice            76%        1d8       1%          1
 Static Discharge         Conj/Air       100%       2-7/arc   1%          2
 Dazzling Flash           Conj/Hex       100%       N/A       1%          3
 Frozen Ramparts          Ice            38%        1d6       1%          3
 Hailstorm                Conj/Ice       80%        3d16      1%          3
 Ignite Poison            Fire/Tmut/Pois 42%        N/A       1%          3
 Kindle Blastsparks       Fire/Tloc/Air  84%        2d17      1%          3
 Flame Wave               Conj/Fire      100%       2d21      1%          4
 Iskenderun's Mystic Bla  Conj/Tloc      80%        2d16      1%          4
 Freezing Cloud           Conj/Ice/Air   33%        6-21      1%          5
 Irradiate                Conj/Tmut      40%        3d25      1%          5
 Iskenderun's Battlesphe  Conj           100%       2d15      1%          5
 Starburst                Conj/Fire      50%        6d14      1%          6
 Conjure Ball Lightning   Conj/Air       40%        3x3d13    3%          6
 Ice Form                 Ice/Tmut       19%        N/A       16%         4
 Leda's Liquefaction      Hex/Erth       9%         N/A       16%         4
 Petrify                  Tmut/Erth      19%        N/A       16%         4
 Summon Ice Beast         Ice/Summ       19%        N/A       16%         4
 Statue Form              Tmut/Erth      12%        N/A       91%         6


Dungeon Overview and Level Annotations

Branches:
Dungeon (15/15)            Temple (1/1) D:5            Lair (5/5) D:11
  Swamp (4/4) Lair:3        Snake (0/4) Lair:2        Slime (0/5) Lair:5
    Orc (2/2) D:11            Elf (0/3) Orc:2        Depths (0/4) D:15
 Vaults: D:13-14

Altars:
Ashenzari
Cheibriados
Dithmenos
Fedhas
Gozag
Hepliaklqana
Kikubaaqudgha
Makhleb
Nemelex Xobeh
Okawaru
Qazlal
Ru
Sif Muna
Trog
Uskayaw
Vehumet
Wu Jian
Xom
Yredelemnul
Jiyva

Shops:
D:2 [   D:8 =[[   D:11 [(   Orc:2 !*(=*

Annotations:
D:9 2 transporters, jimonade's ghost, novice VSBr
D:14 Rupert
Orc:2 3 runed translucent doors, Lobster4's ghost, adept DjHW; Newt's ghost, journeyman DsGl


Innate Abilities, Weirdness & Mutations

You have hoof-like feet.
You are mostly covered in icy blue scales. (AC +3)
Your demonic aura often causes spilled blood to erupt in flames.
Spells you cast may paralyse nearby enemies.
You passively map a small area around you.


Message History

Casting: Fireball (safe; 1% risk of failure)
Confirm with . or Enter, or press ? or * to list all spells.
Aiming: Orb of Destruction (dangerous; 1% risk of failure)
Press: ? - help, Shift-Dir - straight line, f - swamp dragon
Aim: a swamp dragon You feel a surge of power!
Malevolent energies surge around you.
You are engulfed in poison gas.
You are more poisoned.
You feel extremely sick.
You take 9 damage, and have 50/123 hp.
You now have 17/32 mp.
Aiming: Fireball (safe; 1% risk of failure)
Press: ? - help, Q - select action, (/) - cycle Shift-Dir - straight line, f/p - swamp dragon
Aim: a swamp dragon (ally target)
You feel a surge of power!
The fireball explodes!
The fireball engulfs the swamp dragon!!
The swamp dragon is moderately wounded.
Malevolent energies surge around you.
You are engulfed in poison gas.
You are more poisoned.
You feel extremely sick.
You hear a shout!
The orb of destruction hits the swamp dragon!!
The swamp dragon is severely wounded.
You take 8 damage, and have 42/123 hp.
You now have 13/32 mp.
Aiming: Fireball (safe; 1% risk of failure)
Press: ? - help, Q - select action, (/) - cycle Shift-Dir - straight line, f/p - swamp dragon
Aim: a swamp dragon (poison gas, severely wounded)
You feel a surge of power! That beam is likely to hit you.
Continue anyway?
The fireball explodes!
The fireball engulfs the swamp dragon!!!
You kill the swamp dragon!
Vehumet accepts your kill.
The swamp dragon scales are intact enough to wear.
The fireball engulfs you!!!
* * * LOW HITPOINT WARNING * * *
Malevolent energies surge around you.
You are engulfed in poison gas.
You are more poisoned.
You die...

♣♣.~~.....♣ ** ~
♣♣♣♣♣♣♣♣♣.♣ ..≈ * ~~ *
.♣♣ ♣.♣♣* ≈.≈ ~ ~ ~.♣♣♣
♣♣♣ ♣≈ ~.. * ♣~~~♣ *.
##k#* ** ~.~~♣ * ♣≈#.○##*
♣ ~~.♣♣ ♣.#.○°# .♣ ~ ♣♣♣♣
♣○°○°#.♣ ~ ♣♣♣#♣♣♣♣
♣°@°.♣** ~
♣♣.♣..♣~♣♣♣°.♣♣♣ ♣
♣...........○♣♣ ~ ~ ~ * ♣
♣♣.~§..#..~~.~.♣ ~ ♣♣
♣........~........~.# ~♣
♣♣..~..~.....§~~.....
♣♣♣♣§~.....~....§...~...
,
♣♣♣..§~....~......~..~.~,
~~§♣.♣~~..~~~...~.~.~...
,


You could see a swamp drake.

Vanquished Creatures
  Jorgrun (D:15)
  Roxanne (Swamp:3)
  Kirke (Swamp:1)
  A thorn hunter (Swamp:3)
  An orc warlord (Orc:1)
  6 eleionomae
  4 bunyips
  Snorg (D:10)
  A great orb of eyes (D:15)
  A shambling mangrove (Swamp:4)
  Fannar (Lair:2)
  2 rakshasas (D:15)
  14 hydras
  3 vault guards
  Erica (D:9)
  2 ghost crabs
  6 boulder beetles
  A catoblepas (Lair:5)
  2 centaur warriors
  6 alligators
  2 two-headed ogres
  A tengu warrior (D:15)
  A deep troll shaman (Lair:5)
  9 death yaks
  A spriggan berserker (Swamp:1)
  A hell knight (D:10)
  Sonja (Lair:5)
  A spriggan druid (Swamp:2)
  5 goliath frogs
  6 bog bodies
  An orc knight (D:11)
  10 swamp dragons
  A deep elf pyromancer (D:15)
  3 will-o-the-wisps
  8 orc sorcerers
  2 cyclopes
  5 ugly things
  A manticore (D:12)
  4 black mambas
  10 elephants
  Joseph (D:7)
  Maggie (D:10)
  A torpor snail (Lair:4)
  A gargoyle (D:13)
  2 unseen horrors
  13 cane toads
  6 komodo dragons
  A freezing wraith (D:14)
  3 kobold demonologists
  A tengu conjurer (D:15)
  A polar bear (shapeshifter) (D:15)
  A polar bear (Lair:3)
  10 tyrant leeches
  3 bloated husks
  6 meliai
  A troll (D:11)
  7 hornets
  8 blink frogs
  A blink frog (shapeshifter) (D:15)
  7 slime creatures
  A water elemental (D:13)
  A shadow (D:11)
  3 vampires
  5 spriggans
  2 wraiths (D:12)
  3 wyverns
  50 yaks
  A hog (shapeshifter) (D:13)
  6 basilisks
  17 fire elementals
  4 humans
  Grum (D:8)
  A steam dragon (D:9)
  8 vampire mosquitoes
  7 wargs
  3 nagas (Lair:2)
  6 swamp worms
  4 acid dragons
  3 hell hounds (D:10)
  10 water moccasins
  Duvessa (D:6)
  13 orc warriors
  4 ice beasts
  7 swamp drakes
  2 black bears
  A meliai simulacrum (D:14)
  2 sky beasts
  5 ogres
  9 centaurs
  A tengu (shapeshifter) (D:14)
  19 wolves
  2 phantoms
  7 kobold brigands
  10 bullfrogs
  2 scorpions
  2 necrophages
  Dowan (D:6)
  3 wights (D:9)
  5 killer bees (D:9)
  3 electric eels
  5 howler monkeys
  8 orc priests
  A jelly (D:5)
  4 hounds
  32 orc wizards
  2 hell rats (Lair:5)
  5 adders
  11 gnolls
  7 river rats (Lair:5)
  2 shadow imps
  A white imp (D:5)
  A worm (D:4)
  2 dart slugs
  58 orcs
  4 endoplasms
  2 giant cockroaches (D:4)
  14 goblins
  4 hobgoblins
  9 jackals
  A quokka (D:5)
  6 ball pythons
  3 bats
  3 frilled lizards
  32 kobolds
  5 rats
  A bush (Lair:4)
662 creatures vanquished.

Vanquished Creatures (others)
  A vault guard (D:14)
  27 foxfires
  22 fungi
  38 plants
88 creatures vanquished.

Grand Total: 750 creatures vanquished

Notes
Turn   | Place    | Note
-------+----------+-------------------------------------------
     0 | D:1      | jasper the Demonspawn Cinder Acolyte began the quest for
                  | the Orb.
     0 | D:1      | Reached XP level 1. HP: 18/18 MP: 2/2
   450 | D:1      | Gained mutation: Your demonic aura sometimes causes spilled
                  | blood to erupt in flames. [demonic ancestry]
   450 | D:1      | Reached XP level 2. HP: 20/24 MP: 4/4
   453 | D:1      | Learned a level 2 spell: Scorch
  1168 | D:1      | Found a faded altar of an unknown god.
  1476 | D:2      | Reached XP level 3. HP: 20/29 MP: 1/5
  1744 | D:2      | Gained mutation: You have large cloven feet. [demonic
                  | ancestry]
  1744 | D:2      | Reached XP level 4. HP: 35/35 MP: 2/7
  1815 | D:2      | Found Taxkisy's Armour Shop.
  2324 | D:2      | Identified a scroll of acquirement
  2324 | D:2      | Acquired the amulet "Rest" {Reflect +Blink Int+4 SH+5}
  2637 | D:2      | Bought a +0 buckler of protection for 126 gold pieces
  3068 | D:4      | Reached skill level 1 in Shields
  3068 | D:4      | Reached XP level 5. HP: 34/41 MP: 3/8
  3124 | D:4      | Noticed an ogre
  3713 | D:5      | Entered Level 5 of the Dungeon
  3789 | D:5      | Found a staircase to the Ecumenical Temple.
  4061 | D:5      | Noticed a phantom
  4069 | D:5      | Killed a phantom
  4070 | D:5      | Gained mutation: You have hoof-like feet. [demonic
                  | ancestry]
  4070 | D:5      | Reached XP level 6. HP: 47/47 MP: 4/9
  4258 | D:5      | Noticed an ice beast
  4272 | D:5      | Killed an ice beast
  4518 | D:5      | Found a hazy altar of Hepliaklqana.
  5077 | D:5      | Reached XP level 7. HP: 53/53 MP: 6/11
  5545 | D:6      | Noticed Dowan
  5546 | D:6      | Noticed Duvessa
  5761 | D:7      | Noticed Joseph
  5792 | D:7      | Killed Joseph
  5793 | D:7      | Reached skill level 5 in Spellcasting
  5793 | D:7      | Gained mutation: Spells you cast may paralyse adjacent
                  | enemies. [demonic ancestry]
  5793 | D:7      | Reached XP level 8. HP: 38/64 MP: 2/15
  6122 | D:7      | Found a shadowy altar of Dithmenos.
  6125 | D:7      | Found a shimmering blue altar of Sif Muna.
  6126 | D:7      | Found a shimmering altar of Xom.
  6138 | D:7      | Found a sparkling altar of Nemelex Xobeh.
  6141 | D:7      | Found a snail-covered altar of Cheibriados.
  7112 | D:8      | Learned a level 5 spell: Fireball
  7239 | D:8      | Noticed Erica
  7300 | D:8      | Reached skill level 1 in Conjurations
  7314 | D:8      | Noticed Grum
  7320 | D:8      | Killed Grum
  7333 | D:8      | Reached skill level 2 in Conjurations
  7333 | D:8      | Gained mutation: You are partially covered in icy blue
                  | scales. (AC +2) [demonic ancestry]
  7333 | D:8      | Reached XP level 9. HP: 23/72 MP: 0/18
  7342 | D:8      | Reached skill level 5 in Fire Magic
  7530 | D:8      | Found Veawic's Antique Armour Shop.
  7650 | D:8      | Acquired 917 gold pieces
  7670 | D:8      | Bought a pair of runed gloves for 225 gold pieces
  7670 | D:8      | Bought a bloodstained cloak for 285 gold pieces
  7670 | D:8      | Identified the +0 cloak "Haenwon" {Contam rC+ Regen+ SInv}
                  | (You bought it in a shop on level 8 of the Dungeon)
  7698 | D:8      | Found Lucot's Armour Shoppe.
  7701 | D:8      | Found Bun Roupp's Jewellery Shoppe.
  7709 | D:8      | Reached skill level 3 in Conjurations
  7814 | D:8      | Bought a +6 ring of intelligence for 432 gold pieces
  8310 | D:8      | Reached skill level 4 in Conjurations
  8535 | D:8      | Reached skill level 5 in Conjurations
  9085 | D:9      | Reached skill level 6 in Conjurations
  9383 | D:9      | Found a transporter.
  9505 | D:6      | Killed Duvessa
  9507 | D:6      | Killed Dowan
  9508 | D:6      | Gained mutation: Spells you cast may paralyse nearby
                  | enemies. [demonic ancestry]
  9508 | D:6      | Reached XP level 10. HP: 67/79 MP: 2/19
  9633 | D:6      | Found a sacrificial altar of Ru.
 10463 | D:9      | Killed Erica
 10464 | D:9      | Reached skill level 7 in Conjurations
 10702 | D:9      | Reached skill level 9 in Conjurations
 10702 | D:9      | Gained mutation: Your demonic aura often causes spilled
                  | blood to erupt in flames. [demonic ancestry]
 10702 | D:9      | Reached XP level 11. HP: 84/84 MP: 20/23
 10703 | D:9      | Reached skill level 10 in Conjurations
 10703 | D:9      | Reached skill level 10 in Fire Magic
 10703 | D:9      | Reached XP level 12. HP: 91/91 MP: 20/25
 11039 | D:9      | Noticed jimonade's ghost (novice VSBr)
 11043 | D:9      | Found a transporter.
 11350 | D:10     | Entered Level 10 of the Dungeon
 11357 | D:10     | Noticed Maggie
 11361 | D:10     | Killed Maggie
 11571 | D:10     | Noticed Snorg
 11578 | D:10     | Killed Snorg
 11579 | D:10     | Reached skill level 10 in Spellcasting
 11953 | D:10     | Found Gumael's Book Shop.
 12104 | D:11     | Noticed a two-headed ogre
 12106 | D:11     | Killed a two-headed ogre
 12758 | D:11     | Found Iqaiser's Weapon Emporium.
 12758 | D:11     | Found a staircase to the Orcish Mines.
 12759 | D:11     | Found Buumos's Armour Emporium.
 12813 | D:11     | Reached skill level 5 in Armour
 13580 | D:11     | Learned a level 7 spell: Orb of Destruction
 13771 | D:11     | Found a staircase to the Lair.
 14261 | Lair:1   | Entered Level 1 of the Lair of Beasts
 14568 | Orc:1    | Entered Level 1 of the Orcish Mines
 14573 | Orc:1    | Reached XP level 13. HP: 91/96 MP: 6/27
 14895 | Orc:2    | Entered Level 2 of the Orcish Mines
 14908 | Orc:2    | Noticed an orc warlord
 14909 | Orc:2    | Reached skill level 11 in Conjurations
 15901 | D:12     | Reached skill level 12 in Conjurations
 16635 | D:12     | Identified the +0 whip "Qedui" {flame, Str+5}
 17779 | D:13     | Reached skill level 13 in Conjurations
 19108 | D:14     | Noticed Rupert
 20481 | Orc:1    | Killed an orc warlord
 20482 | Orc:1    | Reached skill level 14 in Conjurations
 21326 | Orc:2    | Found a runed translucent gate.
 21326 | Orc:2    | Found a runed translucent gate.
 21327 | Orc:2    | Found a runed translucent gate.
 22439 | Orc:2    | Found Seupros's Jewellery Boutique.
 22439 | Orc:2    | Found Etwush's General Store.
 22454 | Orc:2    | Bought a potion of magic for 104 gold pieces
 22454 | Orc:2    | Bought a potion of resistance for 130 gold pieces
 22553 | Orc:2    | Gained mutation: You occasionally lose the ability to read
                  | scrolls when taking damage. [a neqoxec]
 22560 | Orc:2    | Gained mutation: Your magical capacity is low. (-10% MP) [a
                  | neqoxec]
 22571 | Orc:2    | Lost mutation: You occasionally lose the ability to read
                  | scrolls when taking damage. [potion of mutation]
 22571 | Orc:2    | Lost mutation: Your magical capacity is low. (-10% MP)
                  | [potion of mutation]
 22571 | Orc:2    | Gained mutation: You are vulnerable to cold. (rC-) [potion
                  | of mutation]
 22571 | Orc:2    | Gained mutation: Your movements are slightly less
                  | encumbered by armour. (ER -2) [potion of mutation]
 22572 | Orc:2    | Lost mutation: Your movements are slightly less encumbered
                  | by armour. (ER -2) [potion of mutation]
 22572 | Orc:2    | Lost mutation: You are vulnerable to cold. (rC-) [potion of
                  | mutation]
 22572 | Orc:2    | Gained mutation: Your magical capacity is low. (-10% MP)
                  | [potion of mutation]
 22572 | Orc:2    | Gained mutation: Your mind is acute. (Int +4, Str/Dex -1)
                  | [potion of mutation]
 22623 | Orc:2    | Lost mutation: Your magical capacity is low. (-10% MP)
                  | [potion of mutation]
 22623 | Orc:2    | Lost mutation: Your mind is acute. (Int +4, Str/Dex -1)
                  | [potion of mutation]
 22623 | Orc:2    | Gained mutation: Your mind is acute. (Int +4, Str/Dex -1)
                  | [potion of mutation]
 22623 | Orc:2    | Lost mutation: Your mind is acute. (Int +4, Str/Dex -1)
                  | [potion of mutation]
 22623 | Orc:2    | Gained mutation: You passively map a small area around you.
                  | [potion of mutation]
 22875 | Orc:2    | Noticed Newt's ghost (journeyman DsGl)
 22876 | Orc:2    | Noticed Lobster4's ghost (adept DjHW)
 22891 | Orc:2    | Found Tuhuduw's Weapon Shoppe.
 23041 | Orc:2    | Reached skill level 15 in Conjurations
 23268 | Temple   | Entered the Ecumenical Temple
 23282 | Temple   | Fell from the grace of Ignis
 23282 | Temple   | Became a worshipper of Vehumet
 23557 | Orc:2    | Found a staircase to the Elven Halls.
 24246 | Orc:2    | Found Iretom's Distillery.
 24246 | Orc:2    | Found Kaun's Assorted Antiques.
 24252 | Orc:2    | Bought a potion of resistance for 110 gold pieces
 24252 | Orc:2    | Bought a potion of curing for 33 gold pieces
 24252 | Orc:2    | Bought a potion of curing for 33 gold pieces
 24252 | Orc:2    | Bought a potion of heal wounds for 55 gold pieces
 24252 | Orc:2    | Bought a potion of ambrosia for 88 gold pieces
 24252 | Orc:2    | Bought a potion of ambrosia for 88 gold pieces
 24261 | Orc:2    | Bought a potion of curing for 84 gold pieces
 25039 | D:11     | HP: 3/96 [fire elemental[the fiery vengeance of Ignis] (9)]
 25267 | D:11     | You fall into a shaft and drop 3 floors!
 25291 | D:14     | Reached XP level 14. HP: 83/103 MP: 9/28
 25817 | Lair:1   | Reached * piety under Vehumet
 25817 | Lair:1   | Offered knowledge of Foxfire by Vehumet.
 25876 | Lair:1   | Identified the +2 pair of gloves "Kaclunno" {rCorr Dex+3}
 26367 | Lair:1   | Got the Exposition on the Barrage
 27109 | Lair:2   | Noticed Fannar
 27805 | Lair:2   | Found a staircase to the Snake Pit.
 27853 | Lair:2   | Killed Fannar
 28538 | Lair:2   | Reached ** piety under Vehumet
 28540 | Lair:2   | Offered knowledge of Magic Dart by Vehumet.
 28619 | Lair:2   | You fall into a shaft and drop 1 floor!
 30073 | Lair:3   | Found a staircase to the Swamp.
 30404 | Lair:3   | Identified the ring "Jeshrujimp" {Wiz rC+ rCorr Str+3}
 32355 | Lair:5   | Entered Level 5 of the Lair of Beasts
 32388 | Lair:5   | Noticed Sonja
 32396 | Lair:5   | Killed Sonja
 32639 | Lair:5   | Offered knowledge of Mephitic Cloud by Vehumet.
 32654 | Lair:5   | Learned a level 3 spell: Mephitic Cloud
 33425 | Lair:5   | Was forgiven by Ignis
 33580 | Lair:5   | Reached skill level 10 in Fighting
 34358 | Lair:5   | Found a viscous altar of Jiyva.
 34358 | Lair:5   | Found a staircase to the Slime Pits.
 34362 | Lair:5   | Learned a level 2 spell: Sublimation of Blood
 34564 | Lair:5   | Reached *** piety under Vehumet
 34684 | Lair:5   | Reached XP level 15. HP: 85/115 MP: 13/30
 35071 | Lair:5   | Reached skill level 1 in Necromancy
 35571 | D:13     | Offered knowledge of Dazzling Flash by Vehumet.
 35571 | D:13     | HP: 3/117 [shot self (24)]
 35996 | D:15     | Entered Level 15 of the Dungeon
 36374 | D:15     | Got the Enchiridion on Battling
 36408 | D:15     | Noticed Jorgrun
 36415 | D:15     | Killed Jorgrun
 36416 | D:15     | Reached skill level 10 in Armour
 36512 | D:15     | Found a broken altar of Ashenzari.
 36667 | D:15     | Reached skill level 1 in Staves
 37103 | D:15     | Found a staircase to the Depths.
 37865 | Swamp:1  | Entered Level 1 of the Swamp
 37929 | Swamp:1  | Reached skill level 5 in Necromancy
 38530 | Swamp:1  | Reached skill level 5 in Staves
 38689 | Swamp:1  | Reached **** piety under Vehumet
 38943 | Swamp:1  | Noticed Kirke
 38946 | Swamp:1  | Killed Kirke
 39334 | Swamp:1  | Offered knowledge of Lee's Rapid Deconstruction by Vehumet.
 40762 | Swamp:2  | Gained mutation: You are mostly covered in icy blue scales.
                  | (AC +3) [demonic ancestry]
 40762 | Swamp:2  | Reached XP level 16. HP: 123/123 MP: 16/32
 41850 | Swamp:3  | Noticed a thorn hunter
 41854 | Swamp:3  | Killed a thorn hunter
 42222 | Swamp:3  | Identified Roxanne's Vellum of the Plateau
 42222 | Swamp:3  | Noticed Roxanne
 42342 | Swamp:3  | Killed Roxanne
 42497 | Swamp:3  | Learned a level 5 spell: Borgnjor's Vile Clutch
 42961 | Swamp:2  | Reached skill level 10 in Staves
 44068 | Swamp:4  | Entered Level 4 of the Swamp
 46195 | Swamp:4  | Reached ***** piety under Vehumet
 46195 | Swamp:4  | Offered knowledge of Sticky Flame by Vehumet.
 46205 | Swamp:4  | HP: 6/123 [shot self (36)]
 46205 | Swamp:4  | Engulfed by a cloud of poison gas

Illustrated notes

Levels and vault maps discovered:
D:1:      kilobyte_arrival_exit_the_forest, layout_basic,
          shapermc_ecumenical_altar_mp_urbaneastern
D:2:      minmay_wonky_spiral, layout_rooms, serial_shops, nicolae_shop_crystal,
          serial_glass, glass_columns_c, glass_columns_c, minmay_surrounded
D:3:      layout_basic
D:4:      layout_rooms
D:5:      layout_basic, worldfamousw_hep_ancestral_shrine,
          minmay_temple_entry_mist, minmay_misc_feat_five
D:6:      layout_loops_ring, mainiacjoe_overflow_small_starburst,
          nicolae_ossuary_entry_false_entrances, kennysheep_potato, uniq_duvessa
D:7:      layout_basic, minmay_overflow_temple_star_hex, enter_bailey_5,
          minivault_5, uniq_joseph
D:8:      layout_basic, serial_shops, nicolae_shop_trees,
          nicolae_wooded_promenade, amcnicky_mini_corridor_feature, uniq_erica,
          uniq_grum
D:9:      layout_basic, gammafunk_ghost_arena, serial_corexii_hall,
          corexii_hall_statues_i, corexii_hall_statues_l
D:10:     layout_irregular_city, serial_shops, shop, minmay_rotating_lava,
          uniq_maggie, uniq_snorg
D:11:     layout_loops_ring, erik_lair_dragon, orc_david_3
D:12:     layout_roguey
D:13:     layout_loops_ring, nooodl_orcs_dogs
D:14:     layout_rooms, ximxim_vaults_locker_room, uniq_rupert
D:15:     gammafunk_enter_depths_forms, layout_long_grid, ashenzari_altar_1,
          tso_metal_star, uniq_jorgrun
Temple:   eino_wide_crystal_templ
Lair:1:   layout_misc_corridors, chequers_serial_rivers_small_a
Lair:2:   layout_cave_pods, nicolae_snake_entry_squirm,
          amcnicky_mini_pool_medium, grunt_megastairs_2, uniq_fannar
Lair:3:   layout_small_grid, swamp_mist_pool, wad_woods_road_01
Lair:4:   layout_regular_city, infiniplex_staircase_pool
Lair:5:   grunt_lair_end_beastmaster, layout_hall_layers,
          dpeg_slime_entry_enclosed, chequers_serial_rivers_small_b,
          minivault_24, kennysheep_rathole, infiniplex_staircase_pool_2,
          uniq_sonja
Swamp:1:  layout_basic_swamp, evilmike_swamp_ruin_house_2, uniq_kirke
Swamp:2:  layout_basic_swamp, nicolae_swamp_oxbows, statue_in_the_mist_lemuel,
          hangedman_swamp_blocks
Swamp:3:  layout_basic_swamp, serial_swamp_ruin, hangedman_swamp_ruin_wall,
          evilmike_swamp_ruin_house_1, uniq_roxanne
Swamp:4:  swamp_old_school, layout_basic_swamp, swamp_pool1
Orc:1:    layout_caves
Orc:2:    st_orc_town, layout_diamond_mine, gammafunk_ghost_cemetery,
          serial_shops, nicolae_shop_bloodbath_and_beyond

Skill      XL: |  1  2  3  4  5  6  7  8  9 10 11 12 13 14 15 16 |
---------------+-------------------------------------------------+-----
Fire Magic     | 3 4 7 9 10 | 10.6
Spellcasting   | 2 3 5 6 8 9 10 11 12 | 12.3
Shields        | 1 3 4 |  4.0
Fighting       | 6 7 10 | 10.4
Conjurations   | 2 6 9 10 15 | 15.0
Armour         | 6 9 10 | 10.0
Necromancy     | 5 |  5.0
Staves         | 8 11 | 11.5
Polearms       | |  2.6

Action                     |  1- 3 |  4- 6 |  7- 9 | 10-12 | 13-15 | 16-18 || total
---------------------------+-------+-------+-------+-------+-------+-------++-------
  Melee: Spear             |    15 |    12 |    26 |       |       |       ||    53
         Short sword       |    93 |    22 |    34 |    50 |   308 |       ||   507
         Punch             |     2 |       |       |       |       |       ||     2
         Kick              |       |     7 |     4 |       |       |       ||    11
         Unarmed           |       |       |    12 |       |       |       ||    12
         Staff             |       |       |       |       |    15 |    32 ||    47
  Throw: Stone             |     1 |       |       |       |     1 |       ||     2
   Cast: Scorch            |    11 |    68 |   164 |    52 |   152 |     3 ||   450
         Fireball          |       |       |     1 |    66 |   524 |    99 ||   690
         Orb of Destructio |       |       |       |       |    38 |     9 ||    47
         Sublimation of Bl |       |       |       |       |     8 |       ||     8
         Mephitic Cloud    |       |       |       |       |     2 |       ||     2
 Invoke: Foxfire Swarm     |       |       |       |     1 |       |       ||     1
         Rising Flame      |       |       |       |       |     1 |       ||     1
Ability: Evoke Blink       |       |       |       |       |     3 |       ||     3
  Evoke: Wand              |       |       |     1 |       |    15 |       ||    16
    Use: Scroll            |       |     9 |    11 |     3 |    10 |     2 ||    35
         Potion            |       |       |     4 |     2 |     6 |     1 ||    13
   Stab: Paralysed         |       |       |     5 |    12 |    29 |     1 ||    47
 Armour: Robe              |    15 |     2 |    17 |     5 |       |       ||    39
         Skin              |       |       |    12 |       |       |       ||    12
         Acid dragon scale |       |       |       |    14 |   286 |    44 ||   344
  Dodge: Dodged            |    49 |    16 |    41 |    17 |   225 |    32 ||   380
  Block: Other             |       |     5 |       |       |       |       ||     5
         Buckler           |       |       |    64 |    21 |   291 |    15 ||   391
         Reflection        |       |       |    11 |       |    17 |       ||    28

Table legend: (Time is in decaauts)
 A = Elapsed time spent in this place.
 B = Non-inter-level travel time spent in this place.
 C = Inter-level travel time spent in this place.
 D = Time resting spent in this place.
 E = Time spent auto-exploring this place.
 F = Levels seen in this place.
 G = Mean time per level.
                   A        B        C        D        E       F      G
               +--------+--------+--------+--------+--------+-----+--------+
         Total |  46567 |  43222 |   3345 |  13367 |  25108 |  27 | 1724.7 |
       Dungeon |  24144 |  21732 |   2412 |   4591 |  14547 |  15 | 1609.6 |
        Temple |     71 |     52 |     19 |      0 |     29 |   1 |   71.0 |
          Lair |  10039 |   9658 |    381 |   2437 |   6163 |   5 | 2007.8 |
         Swamp |   8308 |   8007 |    301 |   4762 |   2647 |   4 | 2077.0 |
  Orcish Mines |   4003 |   3772 |    231 |   1577 |   1722 |   2 | 2001.5 |
               +--------+--------+--------+--------+--------+-----+--------+

Top non-repeatable levels by time:
    D:11: 3977 daAuts
   Orc:2: 2999 daAuts
  Lair:5: 2594 daAuts
    D:13: 2379 daAuts
 Swamp:2: 2268 daAuts
  Lair:4: 2233 daAuts
     D:8: 2082 daAuts
 Swamp:3: 2068 daAuts
 Swamp:1: 2040 daAuts
    D:10: 2021 daAuts
  Lair:2: 2004 daAuts
    D:12: 1990 daAuts
 Swamp:4: 1932 daAuts
    D:15: 1688 daAuts
  Lair:3: 1672 daAuts
